 Dungeon Crawl Stone Soup version 0.29-a0-885-gb26ba3297d (webtiles) character file.

Game seed: 16931394262633941942

154 Monkooky the Conjurer (level 5, -4/38 HPs)
             Began as a Meteoran Earth Elementalist on July 20, 2022.
             Was an Initiate of Ashenzari.
             Slain by an orc
             ... wielding a +0 flail
              (9 damage)
             ... on level 2 of the Dungeon on July 21, 2022.
             The game lasted 00:09:58 (746 turns).

Monkooky the Conjurer (Meteoran Earth Elementalist)  Turns: 746, Time: 00:10:01

Health: -4/38      AC:  2    Str:  9    XL:     5   Next: 95%
Magic:  0/10       EV: 12    Int: 19    God:    Ashenzari [......]
Gold:   80         SH:  0    Dex: 14    Spells: 3/9 levels left

rFire   . . .      SeeInvis .   d - staff of conjuration
rCold   . . .      Faith    .   (no shield)
rNeg    . . .      Spirit   .   a - +0 robe
rPois   .          Reflect  .   (no helmet)
rElec   .          Harm     .   (no cloak)
rCorr   .          Rampage  .   (no gloves)
Will    .....                   (no boots)
Stlth   +.........              (no amulet)
HPRegen 0.12/turn               (no ring)
MPRegen 0.12/turn               (no ring)

@: brilliant, glowing
A: sense surroundings 1, otherworldly, glowing, explore regen
a: Renounce Religion


You were on level 2 of the Dungeon.
You worshipped Ashenzari.
Ashenzari was noncommittal.
You visited 1 branch of the dungeon, and saw 3 of its levels.

You collected 80 gold pieces.

Inventory:

Armour
 a - a +0 robe (worn)
Magical Staves
 d - a staff of conjuration (weapon)
Scrolls
 e - a scroll of enchant weapon
 i - a scroll of identify
 l - a scroll of enchant armour {unknown}
Potions
 b - 2 potions of magic
 c - a potion of resistance {unknown}
 f - a potion of brilliance
 g - a potion of berserk rage {unknown}
 h - a potion of heal wounds {unknown}
 j - a potion of lignification {unknown}
 k - a potion of curing {unknown}


   Skills:
 - Level 2.5 Dodging
 - Level 1.4 Stealth
 - Level 2.7 Spellcasting
 * Level 4.7 Conjurations
 - Level 1.3 Transmutations
 - Level 4.5 Earth Magic
 + Level 1.3 Evocations


You had 3 spell levels left.
You knew the following spells:

 Your Spells              Type           Power      Damage    Failure   Level
a - Sandblast             Erth           58%        2d13      2%          1
b - Passwall              Tmut/Erth      16%        N/A       7%          2
c - Stone Arrow           Conj/Erth      90%        3d12      7%          3

Your spell library contained the following spells:

 Spells                   Type           Power      Damage    Failure   Level
 Petrify                  Tmut/Erth      20%        N/A       43%         4
 Corpse Rot               Necr/Pois/Air  3%         N/A       83%         4
 Dispel Undead            Necr           3%         3d7       83%         4
 Death Channel            Necr           1%         N/A       100%        6


Dungeon Overview and Level Annotations

Branches:
Dungeon (3/15) Zot: 998

Altars:
Ashenzari


Innate Abilities, Weirdness & Mutations

You passively map a small area around you.
You are easily found by Zot.
You glow in the dark.
You regain HP and MP as you explore.


Message History

Casting: Sandblast (safe; 2% risk of failure)
Confirm with . or Enter, or press ? or * to list all spells.
Aiming: Sandblast (safe; 2% risk of failure)
Press: ? - help, Shift-Dir - straight line, f/p - rat
Aim: a rat (79% to hit)
The blast of sand hits the rat!
You kill the rat!
Unknown command.
Casting: Sandblast (safe; 2% risk of failure)
Confirm with . or Enter, or press ? or * to list all spells.
Aiming: Sandblast (safe; 2% risk of failure)
Press: ? - help, Shift-Dir - straight line, f - orc
Aim: an orc, wielding a +0 flail, wearing a +0 chain mail and quivering stones (85% to hit)
The blast of sand hits the orc but does no damage.
The orc throws a stone.
The stone barely misses you.
You hit the orc but do no damage. The orc hits you with a +0 flail. x2
You closely miss the orc. The orc hits you with a +0 flail.
You hit the orc but do no damage. The orc closely misses you.
Press: ? - help, v - describe, . - travel
Here: an orc, wielding a +0 flail, wearing a +0 chain mail and quivering stones The floor.
The orc hits you with a +0 flail!
You climb upwards.
There is a stone staircase leading down here.
As you read the scroll labelled EHAT XIATT, it crumbles to dust.
It is a scroll of identify.
e - a scroll of enchant weapon The orc hits you with a +0 flail!
* * * LOW HITPOINT WARNING * * *
Okay, then.
Okay, then.
It was a potion of brilliance.
You feel clever all of a sudden. The orc misses you.
Aiming: Stone Arrow (dangerous; 7% risk of failure)
Press: ? - help, Q - select action, (/) - cycle Shift-Dir - straight line, f - orc
Aim: an orc, wielding a +0 flail, wearing a +0 chain mail and quivering stones (82% to hit)
You feel a strong surge of power!
The stone arrow misses the orc.
The orc hits you with a +0 flail!
You die...

#.......# #.....##
#############..# ####.....#
#........# #..# #.††.....#
###........####÷.####.########
...........'.......÷..#
###÷.......###....#####
...........# #..(.#
##.###...### #..o.# ...# #...#
#.÷@.# #### ##### #....#
#....# #....# #....# ######


You could see an orc.

Vanquished Creatures
  A hound (D:3)
  An orc wizard (D:3)
  5 adders (D:2)
  2 dart slugs
  An orc (D:3)
  7 ball pythons
  7 bats
  6 endoplasms
  2 giant cockroaches
  4 hobgoblins (D:1)
  2 quokkas
  3 frilled lizards (D:2)
  3 kobolds
  6 rats
50 creatures vanquished.

Notes
Turn   | Place    | Note
-------+----------+-------------------------------------------
     0 | D:1      | Monkooky the Meteoran Earth Elementalist began the quest
                  | for the Orb.
     0 | D:1      | Reached XP level 1. HP: 14/14 MP: 5/5
    40 | D:1      | Reached XP level 2. HP: 20/20 MP: 2/6
   105 | D:1      | Learned a level 2 spell: Passwall
   131 | D:1      | HP: 1/20 [hobgoblin (3)]
   133 | D:1      | Reached XP level 3. HP: 2/26 MP: 2/8
   144 | D:1      | Learned a level 3 spell: Stone Arrow
   207 | D:1      | Reached skill level 1 in Conjurations
   320 | D:2      | Reached XP level 4. HP: 33/33 MP: 5/9
   416 | D:2      | Found a broken altar of Ashenzari.
   441 | D:2      | Became a worshipper of Ashenzari the Shackled
   456 | D:2      | Reached XP level 5. HP: 31/38 MP: 0/10
   688 | D:3      | Reached skill level 1 in Evocations
   746 | D:2      | Slain by an orc

Illustrated notes

Levels and vault maps discovered:
D:1:      amcnicky_arrival_choice, layout_rooms
D:2:      layout_basic, basic_altar, minmay_lizard_pond
D:3:      layout_basic, nicolae_overflow_squiral, ebering_ecumenical_altar_hall

Skill      XL: |  1  2  3  4  5 |
---------------+----------------+-----
Earth Magic    | 4 |  4.5
Conjurations   | 2 3 4 |  4.7
Evocations     | 1 |  1.3
Dodging        | |  2.5
Stealth        | |  1.4
Spellcasting   | |  2.7
Transmutations | |  1.3

Action                   |  1- 3 |  4- 6 || total
-------------------------+-------+-------++-------
Melee: Staff             |       |    20 ||    20
 Cast: Sandblast         |    30 |    20 ||    50
       Stone Arrow       |     3 |    15 ||    18
  Use: Scroll            |       |     1 ||     1
       Potion            |       |     1 ||     1
Armor: Robe              |     5 |     8 ||    13
Dodge: Dodged            |    11 |    28 ||    39

Table legend: (Time is in decaauts)
 A = Elapsed time spent in this place.
 B = Non-inter-level travel time spent in this place.
 C = Inter-level travel time spent in this place.
 D = Time resting spent in this place.
 E = Time spent auto-exploring this place.
 F = Levels seen in this place.
 G = Mean time per level.
                   A        B        C        D        E       F      G
               +--------+--------+--------+--------+--------+-----+--------+
         Total |    800 |    800 |      0 |      0 |      0 |   3 |  266.7 |
       Dungeon |    800 |    800 |      0 |      0 |      0 |   3 |  266.7 |
               +--------+--------+--------+--------+--------+-----+--------+

Top non-repeatable levels by time:
     D:2: 416 daAuts
     D:1: 295 daAuts
     D:3: 88 daAuts
